 Dungeon Crawl Stone Soup version 0.30.1-10-g1249ef9ec4 (webtiles) character file.

Game seed: 8691631278075253923

443 Woods the Sneak (level 6, 0/32 HPs)
             Began as a Deep Elf Conjurer on Oct 26, 2023.
             Was an Initiate of Ashenzari.
             Slain by an adder zombie (2 damage)
             ... in an ossuary.
             The game lasted 00:09:09 (4210 turns).

Woods the Sneak (Deep Elf Conjurer)                 Turns: 4210, Time: 00:09:10

Health: 0/32       AC:  6    Str:  4    XL:     6   Next: 71%
Magic:  3/15       EV: 13    Int: 25    God:    Ashenzari [......]
Gold:   234        SH:  0    Dex: 13    Spells: 5/15 levels left

rFire   . . .        (no weapon)
rCold   . . .        (no shield)
rNeg    + . .        a - +0 robe
rPois   .            (no helmet)
rElec   .            (no cloak)
rCorr   .            (no gloves)
SInv    .            (no boots)
Will    .....        (no amulet)
Stlth   +++          c - +4 ring of protection
HPRegen 0.25/turn    o - ring of positive energy
MPRegen 0.14/turn

%: no passive effects
@: no status effects
A: no striking features
a: Renounce Religion, Curse Item


You were in an ossuary.
You worshipped Ashenzari.
Ashenzari was noncommittal.
You visited 2 branches of the dungeon, and saw 6 of its levels.
You also visited: Ossuary.

You collected 234 gold pieces.

Inventory:

Armour
 a - a +0 robe (worn)
Jewellery
 c - a +4 ring of protection (left hand)
 o - a ring of positive energy (right hand)
Scrolls
 d - 2 scrolls of immolation
 g - a scroll of fog {unknown}
 h - 3 scrolls of identify
 i - 2 scrolls of blinking
 j - a scroll of enchant armour {unknown}
 k - 2 scrolls of teleportation {unknown}
 p - a scroll of fear {unknown}
 r - a scroll of amnesia {unknown}
Potions
 b - a potion of magic
 e - 2 potions of curing {unknown}
 f - a potion of heal wounds {unknown}
 l - a potion of invisibility {unknown}
 m - a potion of mutation {unknown}
 n - a potion of cancellation {unknown}
 q - a potion of haste {unknown}


   Skills:
 + Level 4.4 Dodging
 * Level 6.2 Stealth
 + Level 5.1 Spellcasting
 + Level 5.6 Conjurations


You had 5 spell levels left.
You knew the following spells:

 Your Spells              Type           Power      Damage    Failure   Level
a - Magic Dart            Conj           100%       1d8       1%          1
b - Searing Ray           Conj           68%        2d6       1%          2
c - Dazzling Flash        Conj/Hex       40%        N/A       8%          3
d - Fulminant Prism       Conj/Hex       10%        3d9       26%         4

Your spell library contained the following spells:

 Spells                   Type           Power      Damage    Failure   Level
 Sublimation of Blood     Necr           6%         N/A       12%         2
 Wereblood                Tmut           6%         N/A       12%         2
 Call Canine Familiar     Summ           6%         N/A       24%         3
 Portal Projectile        Hex/Tloc       12%        N/A       24%         3
 Volatile Blastmotes      Fire/Tloc      12%        2d11      24%         3
 Iskenderun's Mystic Bla  Conj/Tloc      20%        2d6       26%         4
 Leda's Liquefaction      Hex/Erth       3%         N/A       63%         4
 Starburst                Conj/Fire      10%        6d5       99%         6
 Summon Hydra             Summ           3%         N/A       100%        7


Dungeon Overview and Level Annotations

Branches:
Dungeon (5/15)             Temple (1/1) D:4         Ossuary (1/1)

Altars:
Ashenzari
Cheibriados
Dithmenos
Elyvilon
Hepliaklqana
Kikubaaqudgha
Makhleb
Nemelex Xobeh
Okawaru
Qazlal
Ru
Sif Muna
Uskayaw
Vehumet
Yredelemnul
The Shining One


Message History

* * * LOW HITPOINT WARNING * * *
Your fulminant prism explodes!
The blast of energy engulfs the gnoll zombie!
The gnoll zombie is severely damaged.
The blast of energy engulfs the gnoll zombie!
You destroy the gnoll zombie!
The blast of energy engulfs the hound zombie!
You destroy the hound zombie!
The blast of energy engulfs the mummy!
The mummy is almost destroyed.
Unknown command.
The adder zombie attacks as you move away!
The adder zombie barely misses you. The adder zombie misses you.
Casting: Fulminant Prism (extremely dangerous; 26% risk of failure)
Confirm with . or Enter, or press ? or * to list all spells.
Aiming: Searing Ray (safe; 1% risk of failure)
Press: ? - help, Shift-Dir - straight line, f - mummy
Aim: a mummy (almost destroyed, 91% to hit)
The searing ray misses the adder zombie.
The searing ray hits the mummy.
You destroy the mummy! (Press . to maintain the ray.)
The adder zombie bites you but does no damage. x2
Found a gate leading back out of this place.
The adder zombie attacks as you move away!
The adder zombie closely misses you.
The adder zombie attacks as you move away!
The adder zombie closely misses you.
A mummy comes into view. x2
The adder zombie attacks as you move away!
The adder zombie bites you but does no damage.
The adder zombie closely misses you. The elf zombie hits you.
* * * LOW HITPOINT WARNING * * *
The adder zombie closely misses you.
The adder zombie attacks as you move away!
The adder zombie misses you.
The adder zombie attacks as you move away!
The adder zombie bites you.
You die...

.....#####.........##+#
.......................#
.......................#
#...............##.....#
#..........Z....##.....#
.......................#
...........Z.Z.........#
........Z...Z.......#..#
.......@Z..........##..#
.......∩Z..........##.∩#
...................##..#
.....M..............#..#
.......................#
#...............##.....#
#...............##.....#
.......................#
......................#


You could see a mummy, 2 adder zombies, a gnoll zombie, 2 orc zombies, an elf
zombie and a human zombie.

Vanquished Creatures
  A black bear (D:4)
  2 orc priests
  An iguana (D:4)
  2 orc wizards (D:4)
  A hound zombie (Ossuary)
  2 mummies (Ossuary)
  7 adders
  An ufetubus (D:4)
  A worm (D:2)
  2 dart slugs
  11 orcs
  4 bats
  7 endoplasms
  2 giant cockroaches
  6 goblins
  4 hobgoblins
  4 jackals (D:4)
  4 quokkas
  12 ball pythons
  3 frilled lizards
  A gnoll zombie (Ossuary)
  2 jackal zombies (Ossuary)
  8 kobolds
  An orc zombie (Ossuary)
  5 rats
94 creatures vanquished.

Vanquished Creatures (others)
  2 fulminant prisms
2 creatures vanquished.

Grand Total: 96 creatures vanquished

Notes
Turn   | Place    | Note
-------+----------+-------------------------------------------
     0 | D:1      | Woods the Deep Elf Conjurer began the quest for the Orb.
     0 | D:1      | Reached XP level 1. HP: 10/10 MP: 6/6
   214 | D:1      | Reached XP level 2. HP: 15/15 MP: 2/8
   438 | D:1      | Reached skill level 3 in Stealth
   453 | D:1      | Learned a level 2 spell: Searing Ray
   899 | D:2      | Reached XP level 3. HP: 19/19 MP: 2/9
   967 | D:2      | Learned a level 3 spell: Dazzling Flash
   995 | D:2      | You fall into a shaft and drop 1 floor!
  1679 | D:2      | Reached XP level 4. HP: 24/24 MP: 7/11
  1883 | D:2      | Learned a level 4 spell: Fulminant Prism
  1964 | D:3      | Reached skill level 4 in Stealth
  2144 | D:3      | Found a sacrificial altar of Ru.
  2275 | D:3      | Found a glowing golden altar of the Shining One.
  2700 | D:4      | Found a staircase to the Ecumenical Temple.
  2706 | Temple   | Entered the Ecumenical Temple
  2781 | Temple   | Became a worshipper of Ashenzari the Shackled
  2823 | D:4      | Reached skill level 5 in Conjurations
  2823 | D:4      | Reached XP level 5. HP: 28/28 MP: 4/13
  3474 | D:4      | Reached skill level 5 in Stealth
  3821 | D:4      | Noticed a black bear
  3860 | D:4      | Killed a black bear
  3861 | D:4      | Reached XP level 6. HP: 32/32 MP: 5/15
  4059 | D:5      | Entered Level 5 of the Dungeon
  4112 | D:5      | Reached skill level 6 in Stealth
  4112 | D:5      | Reached skill level 5 in Spellcasting
  4125 | D:5      | Found a sand-covered staircase.
  4162 | Ossuary  | Entered an ossuary
  4210 | Ossuary  | Slain by an adder zombie

Illustrated notes

Levels and vault maps discovered:
D:1:      scummos_arrival_simple_crosswalls, layout_loops_ring,
          minmay_statues_item, minmay_misc_feat_alley,
          chequers_serial_rivers_micro_c, chequers_serial_rivers_marsh
D:2:      layout_basic
D:3:      layout_basic, mainiacjoe_overflow_big_doors
D:4:      layout_gridville, minmay_temple_entry_enclosed_plants
D:5:      layout_loops_corners, trog_ov_bears_minmay,
          mainiacjoe_overflow_brackets, jmf_multi_god_temple2, enter_ossuary_5,
          kennysheep_generic_room_5, uniq_grinder, uniq_eustachio
Temple:   jpeg_temple_clearing
Ossuary:  ossuary_minmay_tomb_2a

Skill      XL: |  1  2  3  4  5  6 |
---------------+-------------------+-----
Stealth        | 3 4 5 6 |  6.2
Dodging        | 3 4 |  4.4
Spellcasting   | 4 5 |  5.1
Conjurations   | 5 |  5.6

Action                     |  1- 3 |  4- 6 || total
---------------------------+-------+-------++-------
   Cast: Magic Dart        |    68 |    51 ||   119
         Searing Ray       |     7 |    22 ||    29
         Fulminant Prism   |       |     2 ||     2
    Use: Scroll            |       |     2 ||     2
 Armour: Robe              |     3 |    24 ||    27
  Dodge: Dodged            |     4 |    51 ||    55
